 Dungeon Crawl Stone Soup version 0.23.2-1-ga50397a (webtiles) character file.

Game seed: 15794445517472110882

321 Kairos the Insei (level 6, -14/38 HPs)
             Began as an Octopode Transmuter on Apr 25, 2019.
             Demolished by an ogre
             ... wielding a +0 giant spiked club
              (28 damage)
             ... on level 4 of the Dungeon.
             The game lasted 00:07:58 (3837 turns).

Kairos the Insei (Octopode Transmuter)              Turns: 3837, Time: 00:08:00

Health: -14/38     AC:  1    Str:  9    XL:     6   Next: 46%
Magic:  10/10      EV: 14    Int: 17    God:
Gold:   165        SH:  3    Dex: 15    Spells: 8/11 levels left

rFire    . . .     SeeInvis .     - Unarmed
rCold    . . .     Gourm    .   (no shield)
rNeg     . . .     Faith    .   (helmet restricted)
rPois    .         Spirit   .   e - +3 amulet of reflection
rElec    .         Reflect  +   s - +2 ring of dexterity
rCorr    .         Harm     .   (no ring)
MR       .....                  (no ring)
Stlth    ++++......             (no ring)
HPRegen  0.12/turn              (no ring)
MPRegen  0.12/turn              (no ring)
                                (no ring)
                                (no ring)

@: appendage (expiring)
A: almost no armour, stealthy swim, amphibious, 8 rings, constrict 8, tentacle
spike 3, camouflage 1, gelatinous body 1
a: End Transformation


You were on level 4 of the Dungeon.
You were not hungry.
One of your tentacles had a temporary spike.
You visited 2 branches of the dungeon, and saw 5 of its levels.

You collected 225 gold pieces.
You spent 60 gold pieces at shops.

Inventory:

Missiles
 a - 58 arrows
 f - 120 stones (quivered)
Jewellery
 e - a +3 amulet of reflection (around mantle)
 s - a +2 ring of dexterity (left tentacle)
Wands
 u - a wand of paralysis (8)
Scrolls
 b - 4 scrolls of magic mapping
 g - 2 scrolls of amnesia {unknown}
 h - a scroll of immolation {unknown}
 j - a scroll of fog {unknown}
 l - 3 scrolls of teleportation
 m - a scroll of remove curse {unknown}
 p - a scroll of fear {unknown}
 q - a scroll of blinking {unknown}
 t - a scroll of enchant weapon {unknown}
Potions
 d - a potion of resistance
 i - 3 potions of curing
 k - a potion of flight
 n - 2 potions of haste
 o - 2 potions of might
 r - a potion of brilliance
 v - a potion of cancellation {unknown}
 w - a potion of magic {unknown}
 x - a potion of heal wounds
Comestibles
 c - 6 rations


   Skills:
 + Level 1.6 Fighting
 + Level 2.9 Dodging
 + Level 4.1 Stealth
 + Level 4.8 Unarmed Combat
 + Level 3.0 Spellcasting
 + Level 2.5 Transmutations


You had 8 spell levels left.
You knew the following spells:

 Your Spells              Type           Power        Failure   Level  Hunger
a - Beastly Appendage     Tmut           ##....       6%          1    None
b - Sticks to Snakes      Tmut           ##......     10%         2    ##.....

Your spell library contained the following spells:

 Spells                   Type           Power        Failure   Level  Hunger
 Spider Form              Tmut/Pois      #.........   30%         3    ###....
 Ice Form                 Ice/Tmut       #.......     71%         4    ####...
 Blade Hands              Tmut           ##........   86%         5    ######.


Dungeon Overview and Level Annotations

Branches:
Dungeon (4/15)             Temple (1/1) D:4

Altars:
Ashenzari
Elyvilon
Qazlal
Trog
Uskayaw
Vehumet
Wu Jian
Xom
Zin

Shops:
D:4 *

Annotations:
D:3 3 runed translucent doors, Aske's ghost, amateur GrBe; Bearstalker's ghost, amateur CeFi


Innate Abilities, Weirdness & Mutations

You cannot wear most types of armour.
You are very stealthy in the water. (Stealth+)
You are amphibious.
You can wear up to eight rings at the same time.
You can use your tentacles to constrict eight enemies at once.
Your skin changes colour to match your surroundings (Stealth+).
Your rubbery body absorbs attacks. (AC +1, EV +1)
One of your tentacles bears a large vicious spike.


Message History

The ogre misses you.
You tentacle-slap the ogre. Your squeeze misses the ogre.
The ogre is moderately wounded.
You barely miss the ogre.
The ogre is moderately wounded.
The ogre misses you.
You barely miss the ogre.
You pierce the ogre.
The ogre is heavily wounded.
The ogre closely misses you.
You tentacle-slap the ogre but do no damage.
The ogre is heavily wounded.
You tentacle-slap the ogre. You squeeze the ogre.
The ogre is severely wounded.
The ogre hits you with a +0 giant spiked club!!
Ouch! That really hurt!
You tentacle-slap the ogre but do no damage.
The ogre is severely wounded.
The ogre hits you with a +0 giant spiked club!!
Ouch! That really hurt!
You die...

..........##.#..#####.8..#
#.#..........#...# #....#
#.#.........#... # #....#
###..........#. #...
....[#....##....
.#...#.##..##..##
.#.#.#..##..##..##
.#.#.....##..##..##
...#......##....@O#
###################


You could see an ogre.

Vanquished Creatures
  An orc priest (D:4)
  3 orc wizards
  9 adders
  3 oozes
  5 adder skeletons
  2 worms (D:2)
  A dart slug (D:3)
  4 leopard geckos
  5 orcs
  12 bats
  6 giant cockroaches
  10 goblins
  3 hobgoblins
  9 kobolds
  A quokka (D:3)
  3 ball pythons
  7 frilled lizards
  A jackal skeleton (D:4)
  A quokka skeleton (D:4)
  14 rats
100 creatures vanquished.

Notes
Turn   | Place    | Note
-------+----------+-------------------------------------------
     0 | D:1      | Kairos the Octopode Transmuter began the quest for the Orb.
     0 | D:1      | Reached XP level 1. HP: 13/13 MP: 3/3
    32 | D:1      | Reached XP level 2. HP: 14/18 MP: 3/5
   646 | D:1      | Reached XP level 3. HP: 21/23 MP: 6/6
  1184 | D:2      | Reached skill level 1 in Stealth
  1220 | D:2      | Reached XP level 4. HP: 17/28 MP: 5/7
  1737 | D:2      | Reached XP level 5. HP: 29/33 MP: 7/9
  2021 | D:2      | Learned a level 2 spell: Sticks to Snakes
  2037 | D:3      | Found a runed translucent gate.
  2037 | D:3      | Found a runed translucent gate.
  2045 | D:3      | Found a runed translucent gate.
  2059 | D:3      | Noticed Bearstalker's ghost (amateur CeFi)
  2059 | D:3      | Noticed Aske's ghost (amateur GrBe)
  2917 | D:4      | Found a staircase to the Ecumenical Temple.
  2926 | Temple   | Entered the Ecumenical Temple
  3358 | Temple   | Reached XP level 6. HP: 27/38 MP: 10/10
  3479 | D:4      | Found Zierph's General Store.
  3489 | D:4      | Bought a scroll of identify for 24 gold pieces
  3489 | D:4      | Bought a scroll of teleportation for 36 gold pieces
  3837 | D:4      | Demolished by an ogre

Skill      XL: |  1  2  3  4  5  6 |
---------------+-------------------+-----
Stealth        | 1 2 3 4 |  4.1
Unarmed Combat | 4 |  4.8
Spellcasting   | 3 |  3.0
Fighting       | |  1.6
Dodging        | |  2.9
Transmutations | |  2.5

Action                   |  1- 3 |  4- 6 || total
-------------------------+-------+-------++-------
Melee: Unarmed           |    92 |   149 ||   241
       Constrict         |    30 |    36 ||    66
       Kick              |     8 |    15 ||    23
       Tentacles         |    10 |    20 ||    30
       Punch             |     2 |     3 ||     5
 Cast: Beastly Appendage |     7 |    17 ||    24
  Use: Scroll            |     3 |     6 ||     9
       Potion            |       |     1 ||     1
 Stab: Sleeping          |     9 |    22 ||    31
  Eat: Chunk             |     1 |     8 ||     9
Armor: Skin              |    20 |     3 ||    23
Dodge: Dodged            |    67 |    66 ||   133
Block: Other             |     3 |    14 ||    17
